AAA
PORTSMOUTH ATLANTICS @ BATON ROUGE BAYOU
06/06/2060
 
TOP OF THE 1ST
Portsmouth Atlantics batting - Pitching for Baton Rouge Bayou : RHP Dex Shinn
Pitching: RHP Dex Shinn
Batting: RHB Kris McKay 0-0: Ball
1-0: Ball
2-0: Ball
3-0: Base on Balls
Batting: LHB Samir Zogjani 0-0: Ball
1-0: Called Strike
1-1: Foul Ball, location: 2F
1-2: Foul Ball, location: 2F
1-2: Ball
2-2: Ball
3-2: Foul Ball, location: 2F
3-2: Base on Balls
Kris McKay to second
Batting: RHB Chase Hagarty 0-0: Ball
1-0: Foul Ball, location: 2F
1-1: Called Strike
1-2: Foul Ball, location: 2F
1-2: Ball
2-2: Ground out U3 (Groundball, 34S, EV 65.6 MPH)
Kris McKay to third
Samir Zogjani to second
Batting: SHB Semaj Ramirez 0-0: Ball
1-0: Foul Ball, location: 2F
1-1: Fly out, F8 (Flyball, 78D, EV 76.2 MPH)
Runner from 3rd tags up, SCORES, throw by CF
Samir Zogjani to third
Batting: RHB Jayson Hart 0-0: Foul Ball, location: 2F
0-1: Ball
1-1: Swinging Strike
1-2: Ball
2-2: Hit by Pitch
Batting: RHB Jericho Gurgenidze 0-0: Ball
1-0: Ball
2-0: DOUBLE (Line Drive, 89D, EV 98.1 MPH)
Samir Zogjani scores
Jayson Hart to third
Runner from 3rd tries for Home, SAFE, throw by CF to trailing runner, OUT at third! 8-3-5
Top of the 1st over - 3 runs, 1 hit, 0 errors, 0 left on base; Portsmouth 3 - Baton Rouge 0
BOTTOM OF THE 1ST
Baton Rouge Bayou batting - Pitching for Portsmouth Atlantics : LHP Oscar Thompson
Pitching: LHP Oscar Thompson
Batting: RHB Huston Cruz 0-0: Ball
1-0: Foul Ball, location: 2F
1-1: Ball
2-1: Ball
3-1: Foul Ball, location: 2F
3-2: Base on Balls
Batting: RHB Andy Bernard 0-0: Ball
Huston Cruz steals 2nd base
1-0: Ball
2-0: Ball
3-0: Base on Balls
Batting: LHB Jon MacKinnon 0-0: Swinging Strike
0-1: Grounds into double play, 6-4-3 (Groundball, 6, EV 93.1 MPH)
Huston Cruz to third
Batting: LHB Kemper Small 0-0: Ball
1-0: Foul Ball, location: 2F
1-1: Ball
2-1: Ball
3-1: Fly out, F8 (Flyball, 8LD, EV 103.1 MPH)
Bottom of the 1st over - 0 runs, 0 hits, 0 errors, 1 left on base; Portsmouth 3 - Baton Rouge 0
TOP OF THE 2ND
Portsmouth Atlantics batting - Pitching for Baton Rouge Bayou : RHP Dex Shinn
Batting: RHB Justen Brown 0-0: Ball
1-0: Ball
2-0: Hit by Pitch
Batting: RHB Liam Walker 0-0: Ball
1-0: Called Strike
1-1: Ball
2-1: Ball
Justen Brown is caught stealing 2nd base 2-4
3-1: Called Strike
3-2: Foul Ball, location: 2F
3-2: Base on Balls
Batting: RHB Darius Brown 0-0: DOUBLE (Groundball, 5L, EV 96.9 MPH)
Liam Walker to third
Batting: RHB Kris McKay 0-0: Ground out 4-3 (Groundball, 4, EV 85.0 MPH)
Liam Walker scores
Darius Brown to third
Batting: LHB Samir Zogjani 0-0: Called Strike
0-1: SINGLE (Line Drive, 7LS, EV 104.4 MPH)
Darius Brown scores
Batting: RHB Chase Hagarty 0-0: Ground out U3 (Groundball, 3, EV 88.8 MPH)
Top of the 2nd over - 2 runs, 2 hits, 0 errors, 1 left on base; Portsmouth 5 - Baton Rouge 0
BOTTOM OF THE 2ND
Baton Rouge Bayou batting - Pitching for Portsmouth Atlantics : LHP Oscar Thompson
Batting: RHB Seth Price 0-0: Foul Ball, location: 2F
0-1: Called Strike
0-2: Ball
1-2: Ball
2-2: Ball
3-2: Fly out, F6 (Popup, 4M, EV 70.6 MPH)
Batting: SHB Rob French 0-0: Ball
1-0: DOUBLE (Groundball, 5L, EV 105.0 MPH)
Batting: RHB Tripp Kalifetona 0-0: Foul Ball, location: 2F
0-1: Foul Ball, location: 2F
0-2: Ground out 6-3 (Groundball, 6, EV 95.6 MPH)
Batting: RHB James Wilson 0-0: Called Strike
0-1: SINGLE (Flyball, 4D, EV 90.0 MPH)
Rob French to third
Runner from 3rd tries for Home, SAFE, throw by CF to home
Batting: RHB Garret Richards 0-0: Ball
1-0: Called Strike
1-1: Ball
2-1: Called Strike
2-2: Fielders Choice at 2nd, 5-4 (Groundball, 5, EV 78.8 MPH)
Bottom of the 2nd over - 1 run, 2 hits, 0 errors, 1 left on base; Portsmouth 5 - Baton Rouge 1
TOP OF THE 3RD
Portsmouth Atlantics batting - Pitching for Baton Rouge Bayou : RHP Dex Shinn
Batting: SHB Semaj Ramirez 0-0: Ball
1-0: SINGLE (Groundball, 4MD, EV 105.0 MPH) (infield hit)
Batting: RHB Jayson Hart 0-0: Ball
1-0: Ball
2-0: Called Strike
Pickoff Throw to First - Out! 1-3 CS
2-1: Ball
3-1: Base on Balls
Batting: RHB Jericho Gurgenidze 0-0: Foul Ball, location: 2F
0-1: Ball
1-1: Fly out, F8 (Line Drive, 8LM, EV 111.2 MPH)
Batting: RHB Justen Brown 0-0: Foul Ball, location: 2F
0-1: Swinging Strike
0-2: Ball
1-2: Strikes out swinging
Top of the 3rd over - 0 runs, 1 hit, 0 errors, 1 left on base; Portsmouth 5 - Baton Rouge 1
BOTTOM OF THE 3RD
Baton Rouge Bayou batting - Pitching for Portsmouth Atlantics : LHP Oscar Thompson
Batting: RHB Huston Cruz 0-0: Ball
1-0: Ball
2-0: Ground out 3-1 (Groundball, 34S, EV 79.4 MPH)
Batting: RHB Andy Bernard 0-0: Swinging Strike
0-1: Foul Ball, location: 2F
0-2: Foul Ball, location: 2F
0-2: Ball
1-2: SOLO HOME RUN (Flyball, 78XD, EV 99.4 MPH), Distance : 382 ft
Batting: LHB Jon MacKinnon 0-0: Ball
1-0: Ball
2-0: Ball
3-0: Fly out, F8 (Flyball, 78D, EV 106.9 MPH)
Batting: LHB Kemper Small 0-0: Foul Ball, location: 2F
0-1: Fly out, F4 (Line Drive, 4, EV 73.8 MPH)
Bottom of the 3rd over - 1 run, 1 hit, 0 errors, 0 left on base; Portsmouth 5 - Baton Rouge 2
TOP OF THE 4TH
Portsmouth Atlantics batting - Pitching for Baton Rouge Bayou : RHP Dex Shinn
Batting: RHB Liam Walker 0-0: Ball
1-0: Foul Ball, location: 2F
1-1: Fly out, F8 (Flyball, 8LS, EV 93.8 MPH)
Batting: RHB Darius Brown 0-0: Called Strike
0-1: Called Strike
0-2: Ball
1-2: SINGLE (Groundball, 56, EV 101.2 MPH)
Batting: RHB Kris McKay 0-0: Ball
1-0: Called Strike
Darius Brown is caught stealing 2nd base 2-4
1-1: Ball
2-1: Ball
3-1: SINGLE (Groundball, 6S, EV 95.0 MPH)
Pitching: LHP Ike Dotson
Batting: LHB Samir Zogjani 0-0: Called Strike
Kris McKay is caught stealing 2nd base 2-6
Top of the 4th over - 0 runs, 2 hits, 0 errors, 0 left on base; Portsmouth 5 - Baton Rouge 2
BOTTOM OF THE 4TH
Baton Rouge Bayou batting - Pitching for Portsmouth Atlantics : LHP Oscar Thompson
Batting: RHB Seth Price 0-0: Called Strike
0-1: Foul Ball, location: 2F
0-2: Ball
1-2: Ball
2-2: Strikes out looking
Batting: SHB Rob French 0-0: Ground out 5-3 (Groundball, 56, EV 87.5 MPH)
Batting: RHB Tripp Kalifetona 0-0: SINGLE (Line Drive, 6D, EV 96.2 MPH)
Batting: RHB James Wilson 0-0: Ball
1-0: Foul Ball, location: 2F
1-1: Ball
2-1: SINGLE (Groundball, 6, EV 95.6 MPH)
Tripp Kalifetona to second
Batting: RHB Garret Richards 0-0: Ball
1-0: Ground out U3 (Groundball, 3S, EV 85.0 MPH)
Bottom of the 4th over - 0 runs, 2 hits, 0 errors, 2 left on base; Portsmouth 5 - Baton Rouge 2
TOP OF THE 5TH
Portsmouth Atlantics batting - Pitching for Baton Rouge Bayou : LHP Ike Dotson
Batting: LHB Samir Zogjani 0-0: Ball
1-0: Called Strike
1-1: Foul Ball, location: 2F
1-2: Ball
2-2: Foul Ball, location: 2F
2-2: Strikes out swinging
Batting: RHB Chase Hagarty 0-0: Ball
1-0: Swinging Strike
1-1: SINGLE (Groundball, 4M, EV 102.5 MPH)
Batting: SHB Semaj Ramirez 0-0: Ball
1-0: Foul Ball, location: 2F
1-1: Ball
2-1: Ball
3-1: DOUBLE (Line Drive, 9LS, EV 101.9 MPH)
Chase Hagarty to third
Batting: RHB Jayson Hart 0-0: DOUBLE (Line Drive, 9LM, EV 106.2 MPH)
Chase Hagarty scores
Semaj Ramirez scores
Batting: RHB Jericho Gurgenidze 0-0: Ball
1-0: Foul Ball, location: 2F
1-1: Ground out 6-3 (Groundball, 6, EV 86.9 MPH)
Batting: RHB Justen Brown 0-0: Called Strike
0-1: Swinging Strike
0-2: Ground out 6-3 (Groundball, 6, EV 90.6 MPH)
Top of the 5th over - 2 runs, 3 hits, 0 errors, 1 left on base; Portsmouth 7 - Baton Rouge 2
BOTTOM OF THE 5TH
Baton Rouge Bayou batting - Pitching for Portsmouth Atlantics : LHP Oscar Thompson
Batting: RHB Huston Cruz 0-0: Ball
1-0: Ball
2-0: Swinging Strike
2-1: Reached on error, E4 (Groundball, 4, EV 87.5 MPH)
Batting: RHB Andy Bernard 0-0: Ball
1-0: Fly out, F8 (Flyball, 8RD, EV 101.2 MPH)
Batting: LHB Jon MacKinnon 0-0: Ball
1-0: SINGLE (Flyball, 34D, EV 91.9 MPH)
Huston Cruz to second
Batting: LHB Kemper Small 0-0: Ball
1-0: Swinging Strike
1-1: Ball
2-1: Called Strike
2-2: Strikes out looking
Batting: RHB Seth Price 0-0: Ball
1-0: DOUBLE (Flyball, 89D, EV 93.8 MPH)
Huston Cruz scores
Jon MacKinnon to third
Runner from 3rd tries for Home, SAFE, no throw by CF
Batting: SHB Rob French 0-0: Ball
1-0: Swinging Strike
1-1: Swinging Strike
1-2: Ball
2-2: Ball
3-2: Fly out, F9 (Flyball, 9, EV 87.5 MPH)
Bottom of the 5th over - 2 runs, 2 hits, 1 error, 1 left on base; Portsmouth 7 - Baton Rouge 4
TOP OF THE 6TH
Portsmouth Atlantics batting - Pitching for Baton Rouge Bayou : LHP Ike Dotson
Batting: RHB Liam Walker 0-0: Ball
1-0: SINGLE (Line Drive, 89S, EV 100.0 MPH)
Batting: RHB Darius Brown 0-0: Called Strike
Liam Walker is caught stealing 2nd base 2-4
0-1: Ball
1-1: Fly out, F4 (Popup, 34D, EV 45.0 MPH)
Batting: RHB Kris McKay 0-0: Ball
1-0: SINGLE (Line Drive, 89S, EV 107.5 MPH)
Batting: LHB Samir Zogjani 0-0: Fly out, F7 (Flyball, 78D, EV 81.9 MPH)
Top of the 6th over - 0 runs, 2 hits, 0 errors, 1 left on base; Portsmouth 7 - Baton Rouge 4
BOTTOM OF THE 6TH
Baton Rouge Bayou batting - Pitching for Portsmouth Atlantics : LHP Oscar Thompson
Pitching: RHP Tucker Keith
Batting: RHB Tripp Kalifetona 0-0: DOUBLE (Flyball, 89D, EV 107.5 MPH)
Batting: RHB James Wilson 0-0: Called Strike
0-1: Foul Ball, location: 2F
0-2: Foul Ball, location: 2F
0-2: Strikes out looking
Batting: RHB Garret Richards 0-0: Called Strike
0-1: Ball
1-1: Fly out, F6 (Flyball, 6MD, EV 95.0 MPH)
Batting: RHB Huston Cruz 0-0: Called Strike
0-1: Foul Ball, location: 2F
0-2: Ball
1-2: Ball
2-2: Ball
3-2: DOUBLE (Line Drive, 78D, EV 107.5 MPH)
Tripp Kalifetona scores
Batting: RHB Andy Bernard 0-0: Called Strike
0-1: Ball
1-1: Swinging Strike
1-2: Foul Ball, location: 2F
1-2: Ball
2-2: Reached on error, E6 (Groundball, 6S, EV 93.8 MPH)
Huston Cruz to third
Batting: LHB Jon MacKinnon 0-0: Ball
1-0: Ball
2-0: Ball
3-0: Called Strike
3-1: Foul Ball, location: 2F
3-2: Strikes out swinging
Bottom of the 6th over - 1 run, 2 hits, 1 error, 2 left on base; Portsmouth 7 - Baton Rouge 5
TOP OF THE 7TH
Portsmouth Atlantics batting - Pitching for Baton Rouge Bayou : LHP Ike Dotson
Batting: RHB Chase Hagarty 0-0: Ball
1-0: Called Strike
1-1: Ball
2-1: Fly out, F8 (Flyball, 8RD, EV 100.0 MPH)
Batting: SHB Semaj Ramirez 0-0: Foul Ball, location: 2F
0-1: SINGLE (Line Drive, 89M, EV 88.1 MPH)
Batting: RHB Jayson Hart 0-0: Called Strike
0-1: Ball
1-1: Ball
2-1: Fly out, F8 (Line Drive, 89M, EV 90.6 MPH)
Batting: RHB Jericho Gurgenidze 0-0: Ball
1-0: Ball
2-0: SINGLE (Groundball, 6M, EV 102.5 MPH)
Semaj Ramirez to second
Batting: RHB Justen Brown 0-0: Ball
1-0: Foul Ball, location: 2F
1-1: Ball
2-1: Foul Ball, location: 2F
2-2: Foul Ball, location: 2F
2-2: Fly out, F8 (Flyball, 8LD, EV 96.2 MPH)
Top of the 7th over - 0 runs, 2 hits, 0 errors, 2 left on base; Portsmouth 7 - Baton Rouge 5
BOTTOM OF THE 7TH
Baton Rouge Bayou batting - Pitching for Portsmouth Atlantics : RHP Tucker Keith
Batting: LHB Kemper Small 0-0: Ground out U3 (Groundball, 3, EV 77.5 MPH)
Batting: RHB Seth Price 0-0: Ball
1-0: Called Strike
1-1: Ball
2-1: Ball
3-1: Base on Balls
Batting: SHB Rob French 0-0: Ball
1-0: Foul Ball, location: 2F
1-1: Grounds into double play, 4-6-3 (Groundball, 4, EV 97.5 MPH)
Bottom of the 7th over - 0 runs, 0 hits, 0 errors, 0 left on base; Portsmouth 7 - Baton Rouge 5
TOP OF THE 8TH
Portsmouth Atlantics batting - Pitching for Baton Rouge Bayou : LHP Ike Dotson
Pitching: RHP Merrill Collier
Batting: RHB Liam Walker 0-0: Ball
1-0: Ball
2-0: Called Strike
2-1: Ball
3-1: Base on Balls
Batting: RHB Darius Brown 0-0: Ball
1-0: Reached on error, E6 (Groundball, 56, EV 100.0 MPH)
Liam Walker to second
Batting: RHB Kris McKay 0-0: Ball
1-0: Ball
2-0: Called Strike
2-1: Ball
3-1: Called Strike
3-2: SINGLE (Groundball, 6S, EV 66.9 MPH) (infield hit)
Liam Walker to third
Darius Brown to second
Batting: LHB Samir Zogjani 0-0: Ball
1-0: Called Strike
1-1: Ball
2-1: TRIPLE (Flyball, 78XD, EV 102.5 MPH)
Liam Walker scores
Darius Brown scores
Kris McKay scores
Batting: RHB Chase Hagarty 0-0: Ground out 4-3 (Groundball, 4, EV 85.6 MPH)
Samir Zogjani scores
Batting: SHB Semaj Ramirez 0-0: Swinging Strike
0-1: Swinging Strike
0-2: SINGLE (Flyball, 5D, EV 88.8 MPH)
Batting: RHB Jayson Hart 0-0: Ball
1-0: Called Strike
1-1: Ball
2-1: Swinging Strike
2-2: Foul Ball, location: 2F
2-2: Strikes out looking
Batting: RHB Jericho Gurgenidze 0-0: Called Strike
0-1: Ball
1-1: Fly out, F9 (Line Drive, 9, EV 86.9 MPH)
Top of the 8th over - 4 runs, 3 hits, 1 error, 1 left on base; Portsmouth 11 - Baton Rouge 5
BOTTOM OF THE 8TH
Baton Rouge Bayou batting - Pitching for Portsmouth Atlantics : RHP Tucker Keith
Batting: RHB Tripp Kalifetona 0-0: Called Strike
0-1: Ball
1-1: Ball
2-1: Ball
3-1: Ground out 6-3 (Groundball, 6, EV 88.8 MPH)
Batting: RHB James Wilson 0-0: Fly out, F7 (Flyball, 7S, EV 88.8 MPH)
Batting: RHB Garret Richards 0-0: Ball
1-0: Foul Ball, location: 2F
1-1: Called Strike
1-2: Strikes out swinging
Bottom of the 8th over - 0 runs, 0 hits, 0 errors, 0 left on base; Portsmouth 11 - Baton Rouge 5
TOP OF THE 9TH
Portsmouth Atlantics batting - Pitching for Baton Rouge Bayou : RHP Merrill Collier
Batting: RHB Justen Brown 0-0: Called Strike
0-1: Ball
1-1: Ball
2-1: SINGLE (Groundball, 34D, EV 110.6 MPH)
Batting: RHB Liam Walker 0-0: Ball
1-0: Ball
2-0: Called Strike
2-1: Ground out 6-3 (Groundball, 4MS, EV 84.4 MPH)
Justen Brown to second
Batting: RHB Darius Brown 0-0: Ball
1-0: Ball
2-0: Foul Ball, location: 2F
2-1: Ball
3-1: SINGLE (Groundball, 6MD, EV 95.6 MPH)
Justen Brown to third
Pitching: LHP Dave Childers
Batting: RHB Kris McKay 0-0: Called Strike
0-1: Swinging Strike
0-2: Foul Ball, location: 2F
0-2: Ball
1-2: SINGLE (Groundball, 6MD, EV 94.4 MPH)
Justen Brown scores
Darius Brown to second
Batting: LHB Samir Zogjani 0-0: Ball
1-0: Foul Ball, location: 2F
1-1: Ball
2-1: Ball
3-1: Foul Ball, location: 2F
3-2: Strikes out swinging
Pinch Hitting: LHB Quince Azariev 0-0: Ball
1-0: Called Strike
1-1: Swinging Strike
1-2: Strikes out swinging
Top of the 9th over - 1 run, 3 hits, 0 errors, 2 left on base; Portsmouth 12 - Baton Rouge 5
BOTTOM OF THE 9TH
Baton Rouge Bayou batting - Pitching for Portsmouth Atlantics : RHP Tucker Keith
Now at 1B: Henry Dunbar
Batting: RHB Huston Cruz 0-0: Ball
1-0: Ground out 5-3 (Groundball, 56, EV 89.4 MPH)
Batting: RHB Andy Bernard 0-0: SINGLE (Groundball, 6MD, EV 98.1 MPH)
Pitching: LHP Ed Bytheway
Batting: LHB Jon MacKinnon 0-0: Ball
1-0: Called Strike
1-1: Ball
2-1: Swinging Strike
2-2: Foul Ball, location: 2F
2-2: Ball
3-2: Strikes out swinging
Batting: LHB Kemper Small 0-0: Called Strike
0-1: Ball
1-1: Ball
2-1: Foul Ball, location: 2F
2-2: Foul Ball, location: 2F
2-2: Foul Ball, location: 2F
2-2: Foul Ball, location: 2F
2-2: Fly out, F9 (Flyball, 9, EV 91.2 MPH)
Bottom of the 9th over - 0 runs, 1 hit, 0 errors, 1 left on base; Portsmouth 12 - Baton Rouge 5
Sunday, May 5th , 2024 - OOTP Baseball 23.10 Build 110